 Dungeon Crawl Stone Soup version 0.20-a0-29-g41cc41e (webtiles) character file.

616 Gorggeron the Cleaver (level 7, -1/61 HPs)
             Began as a Hill Orc Fighter on Nov 8, 2016.
             Slain by FrankyJ's ghost (6 damage)
             ... on level 5 of the Dungeon.
             The game lasted 00:35:16 (3457 turns).

Gorggeron the Cleaver (Hill Orc Fighter)            Turns: 3457, Time: 00:35:17

Health: -1/61      AC: 18    Str: 21    XL:     7   Next: 45%
Magic:  7/7        EV:  8    Int:  8    God:
Gold:   262        SH:  9    Dex: 10    Spells: 0 memorised, 6 levels left

rFire  . . .     SeeInvis .     a - +2 war axe
rCold  . . .     Gourm    .     G - +5 ring mail of Decompression {rCorr}
rNeg   + . .     Faith    .     c - +0 shield
rPois  .         Spirit   .     k - +1 helmet
rElec  .         Reflect  .     l - +1 cloak
rCorr  +         Harm     .     y - +2 pair of gloves
MR     .....                    (no boots)
Stlth  ..........               (no amulet)
                                (no ring)
                                r - ring of positive energy

@: no status effects
A: no striking features
a: no special abilities


You were on level 5 of the Dungeon.
You were hungry.

You visited 1 branch of the dungeon, and saw 5 of its levels.

You collected 262 gold pieces.

Inventory:

Hand Weapons
 a - a +2 war axe (weapon)
 e - a +0 trident
 h - a +0 hunting sling
 m - a +0 war axe
 x - a +2 mace of protection
 D - a cursed -3 flail
Missiles
 d - 28 poisoned needles
 n - 7 tomahawks (quivered)
 q - 6 javelins
 t - 36 arrows
 u - 58 sling bullets
 w - 178 stones
Armour
 c - a +0 shield (worn)
 k - a +1 helmet (worn)
 l - a +1 cloak (worn)
 y - a +2 pair of gloves (worn)
 z - a +0 chain mail
 G - the +5 ring mail of Decompression (worn) {rCorr}
   (You found it on level 4 of the Dungeon)

   It protects you from acid and corrosion.
Jewellery
 r - a ring of positive energy (left hand)
Wands
 F - a wand of lightning (2/15)
Scrolls
 j - 2 scrolls of identify
 A - a scroll of teleportation
 B - a scroll of magic mapping
Potions
 s - 2 potions of curing
Comestibles
 f - 5 bread rations
 g - 2 slices of pizza
 i - 3 fruits
 p - a beef jerky


   Skills:
 * Level 5.2 Fighting
 * Level 8.6 Axes
 + Level 0.6 Throwing
 * Level 4.7 Armour
 - Level 3.2 Shields


You had 6 spell levels left.
You didn't know any spells.

Dungeon Overview and Level Annotations

Branches:
Dungeon (5/15)
 Temple: D:4-7

Altars:
Ashenzari
Cheibriados
Elyvilon
Kikubaaqudgha

Annotations:
D:5 FrankyJ's ghost, novice SpGl


Message History

* * * LOW HITPOINT WARNING * * *
You completely miss FrankyJ's ghost.
FrankyJ's ghost is heavily damaged.
You block FrankyJ's ghost's attack.
You closely miss FrankyJ's ghost.
FrankyJ's ghost is heavily damaged.
FrankyJ's ghost hits you.
* * * LOW HITPOINT WARNING * * *
You completely miss FrankyJ's ghost.
FrankyJ's ghost is heavily damaged.
FrankyJ's ghost hits you!
* * * LOW HITPOINT WARNING * * *
FrankyJ's ghost hits you but does no damage.
You miss FrankyJ's ghost.
FrankyJ's ghost is heavily damaged.
FrankyJ's ghost closely misses you.
You completely miss FrankyJ's ghost.
FrankyJ's ghost is heavily damaged.
FrankyJ's ghost hits you.
You die...

.## ########.>.
#..(...(.
#......#
#......#
#..<)..#
#.....##
#....## #...@#
#..(W##.....
#..........#
#..........# .
######.....##..
#.......
#.....# #.....#
#<...#


You could see FrankyJ's ghost.

Vanquished Creatures
  A sky beast (D:4)
  Blork the orc (D:5)
  A jelly (D:4)
  A hound (D:5)
  4 orc priests
  An orc wizard (D:3)
  A worker ant (D:3)
  Terence (D:3)
  7 adders
  4 worms
  2 dart slugs
  3 leopard geckos
  19 orcs
  A ball python (D:3)
  6 bats
  3 giant cockroaches
  12 goblins
  8 hobgoblins
  10 jackals
  A quokka (D:2)
  10 frilled lizards
  8 kobolds
  7 rats
112 creatures vanquished.

Notes
Turn   | Place    | Note
-------+----------+-------------------------------------------
     0 | D:1      | Gorggeron the Hill Orc Fighter began the quest for the Orb.
     0 | D:1      | Reached XP level 1. HP: 19/19 MP: 1/1
   201 | D:1      | Reached XP level 2. HP: 7/27 MP: 2/2
   473 | D:1      | Reached skill level 3 in Axes
   667 | D:1      | Reached XP level 3. HP: 33/33 MP: 3/3
  1093 | D:2      | Reached skill level 4 in Axes
  1135 | D:2      | You fall through a shaft!
  1138 | D:3      | Reached XP level 4. HP: 38/40 MP: 4/4
  1206 | D:2      | Found an ancient bone altar of Kikubaaqudgha.
  1231 | D:3      | Noticed Terence
  1236 | D:3      | Found a white marble altar of Elyvilon.
  1313 | D:3      | Reached skill level 5 in Axes
  1322 | D:3      | Reached XP level 5. HP: 3/47 MP: 5/5
  1367 | D:3      | Killed Terence
  1647 | D:3      | Reached skill level 6 in Axes
  1711 | D:3      | Reached XP level 6. HP: 50/55 MP: 6/6
  1988 | D:2      | Reached skill level 5 in Fighting
  2793 | D:3      | Found a snail-covered altar of Cheibriados.
  3043 | D:4      | Reached skill level 7 in Axes
  3094 | D:4      | Noticed a sky beast
  3103 | D:4      | Killed a sky beast
  3103 | D:4      | Reached XP level 7. HP: 61/61 MP: 7/7
  3211 | D:4      | Found a shattered altar of Ashenzari.
  3214 | D:4      | Reached skill level 8 in Axes
  3217 | D:4      | Got an ancient ring mail
  3295 | D:4      | Identified the +5 ring mail of Decompression {rCorr} (You found it on level 4 of the Dungeon)
  3324 | D:5      | Entered Level 5 of the Dungeon
  3324 | D:5      | Noticed FrankyJ's ghost (novice SpGl)
  3350 | D:5      | Noticed Blork the orc
  3356 | D:5      | Killed Blork the orc
  3457 | D:5      | Slain by FrankyJ's ghost

Vault maps used:
D:1:      elethiomel_arrival_maze, hex_medium, st_stairs_4
D:2:      nicolae_overflow_hidden_temple, first_bread, kennysheep_generic_room_5
D:3:      elyvilon_altar_1, serial_bayou_pond_b, cheibriados_altar_1,
          uniq_terence
D:4:      cheibrodos_ashenzari_chains
D:5:      fiery_altar_vehumet, uniq_crazy_yiuf_cottage, uniq_blork_the_orc

Skill      XL: |  1  2  3  4  5  6  7 |
---------------+----------------------+-----
Fighting       | 4 5 |  5.2
Axes           | 3 4 5 6 7 8 |  8.6
Armour         | 4 |  4.7
Throwing       | |  0.6
Shields        | |  3.2

Action                   |  1- 3 |  4- 6 |  7- 9 || total
-------------------------+-------+-------+-------++-------
Melee: War axe           |   113 |   149 |   116 ||   378
Throw: Tomahawk          |     2 |    19 |     2 ||    23
       Javelin           |       |     4 |       ||     4
  Use: Scroll            |     8 |     3 |     4 ||    15
       Potion            |     3 |     1 |     1 ||     5
  Eat: Chunk             |     1 |     6 |     1 ||     8
Armor: Scale mail        |    49 |    50 |       ||    99
       Chain mail        |       |    13 |     4 ||    17
       Ring mail         |       |       |    49 ||    49
Dodge: Dodged            |    33 |    12 |    25 ||    70
Block: Shield            |    55 |    56 |    47 ||   158
